 Dungeon Crawl Stone Soup version 0.17-a0-2198-g482c6e3 (webtiles) character file.

231 Minkie the Shield-Bearer (level 5, 0/47 HPs)
             Began as a Minotaur Fighter on Oct 25, 2015.
             Succumbed to a gnoll's poison
             ... on level 4 of the Dungeon.
             The game lasted 00:12:15 (2466 turns).

Minkie the Shield-Bearer (Minotaur Fighter)         Turns: 2466, Time: 00:12:15

Health: 0/47       AC: 14    Str: 20    XL:     5   Next: 73%
Magic:  4/4        EV:  8    Int:  6    God:
Gold:   157        SH:  9    Dex: 10    Spells: 0 memorised, 4 levels left

rFire  + . .     SeeInvis .     a - +0 flail
rCold  + + .     Clarity  .     C - +2 ring mail {rF+}
rNeg   . . .     SustAt   .     c - +0 shield
rPois  .         Gourm    .     (helmet restricted)
rElec  .         Spirit   .     o - +2 cloak
rCorr  .         Warding  .     (no gloves)
rMut   .         Stasis   .     t - +2 pair of boots
MR     .....                    (no amulet)
Stlth  ..........               p - ring of protection from cold
                                h - ring of protection from cold

@: lethally poisoned (0 -> -31), not resistant to hostile enchantments,
extremely unstealthy
A: retaliatory headbutt, horns 2
a: no special abilities


You were on level 4 of the Dungeon.
You were very hungry.

You visited 1 branch of the dungeon, and saw 4 of its levels.

You collected 157 gold pieces.

Inventory:

Hand Weapons
 a - a +0 flail (weapon)
Missiles
 g - 5 needles of sleeping
Armour
 c - a +0 shield (worn)
 o - a +2 cloak (worn)
 t - a +2 pair of boots (worn)
 u - a +1 chain mail
 C - a +2 ring mail of fire resistance (worn)
Jewellery
 h - a ring of protection from cold (left hand)
 i - an uncursed amulet of guardian spirit {unknown}
 l - an uncursed ring of magical power
 p - a ring of protection from cold (right hand)
 y - an uncursed ring of flight
 A - an uncursed ring of protection from cold
Scrolls
 f - a scroll of amnesia
 k - 2 scrolls of identify
 n - a scroll of teleportation
 q - a scroll of blinking
 r - a scroll of noise {unknown}
 w - a scroll of fear {unknown}
 B - a scroll of enchant armour
Potions
 b - 2 potions of berserk rage
 d - a potion of might
 j - a potion of resistance {unknown}
 m - a potion of agility {unknown}
 s - a potion of brilliance {unknown}
 x - a potion of heal wounds {unknown}
Comestibles
 e - 3 bread rations
 v - a meat ration
 z - 2 fruits


   Skills:
 + Level 4.6 Fighting
 * Level 4.8 Maces & Flails
 + Level 4.8 Armour
 + Level 4.9 Shields


You had 4 spell levels left.
You didn't know any spells.

Dungeon Overview and Level Annotations

Branches:
Dungeon (4/15)
 Temple: D:4-7

Altars:
Gozag
Trog
Yredelemnul

Portals:
Ossuary: D:4


Innate Abilities, Weirdness & Mutations

You reflexively headbutt those who attack you in melee.
You have a pair of horns on your head.


Message History

You closely miss the adder. Your headbutt misses the adder.
The adder is almost dead.
You feel sick. You block the adder's attack. The gnoll closely misses you.
You hit the adder.
You kill the adder!
You feel sick.
The gnoll hits you from afar with a halberd of venom.
You feel sick.
The gnoll hits you with a halberd of venom!
* * * LOW HITPOINT WARNING * * *
You are more poisoned.
You see here an adder corpse.
You sock the gnoll!
The gnoll is severely wounded.
* * * LOW HITPOINT WARNING * * *
You feel very sick. You block the gnoll's attack.
You hit the gnoll but do no damage.
The gnoll is severely wounded.
You die...

###..## #............#
#...###..(.......#
##..#............##
#.††.............####....#
......<...#.......##...##....#
##.......####....#####.##....#
###.#...# #....# #.##....#
#..#.#.# ##...# #.##....#
...##.... ##@.# #.##....# ####
##.#.. #g.# #..#....# #. ##
#..### ##......# #....##
##.....# #.#<#...#####....###
.....................
≈≈≈≈....≈≈≈≈≈≈≈≈≈≈≈≈≈
≈≈≈≈≈....≈≈≈≈≈≈≈≈≈≈≈≈≈
≈≈≈≈≈....≈≈≈≈≈≈≈≈≈≈≈≈#


You could see a gnoll.

Vanquished Creatures
  An orc priest (D:3)
  An orc wizard (D:3)
  A worker ant (D:3)
  4 adders
  A gnoll (D:4)
  An ooze (D:1)
  An adder skeleton (D:4)
  3 worms
  A giant gecko (D:3)
  9 orcs (D:3)
  3 ball pythons
  3 giant cockroaches
  7 goblins
  7 hobgoblins
  4 jackals (D:4)
  3 quokkas
  4 bats
  2 giant newts
  11 kobolds
  5 rats
72 creatures vanquished.

Notes
Turn   | Place    | Note
--------------------------------------------------------------
     0 | D:1      | Minkie the Minotaur Fighter began the quest for the Orb.
     0 | D:1      | Reached XP level 1. HP: 19/19 MP: 0/0
   319 | D:1      | Reached XP level 2. HP: 27/27 MP: 1/1
   871 | D:2      | Reached skill level 4 in Shields
  1178 | D:2      | Reached XP level 3. HP: 33/33 MP: 2/2
  1622 | D:3      | Reached XP level 4. HP: 18/40 MP: 3/3
  1825 | D:3      | Found a faded altar to an unknown god.
  1865 | D:3      | Found a basalt altar of Yredelemnul.
  1881 | D:3      | Found a bloodstained altar of Trog.
  1910 | D:3      | Reached XP level 5. HP: 45/47 MP: 4/4
  1916 | D:3      | Found an opulent altar of Gozag.
  2362 | D:4      | Found a sand-covered staircase.
  2466 | D:4      | Succumbed to a gnoll's poison

Vault maps used:
D:1:      moated_graveyard_arrival
D:3:      lemuel_crystal_altar, nicolae_overflow_crystal_walls,
          grunt_gozag_breadcrumbs, ecumenical_altar_1, first_bread
D:4:      lemuel_castle_with_subvaults, grunt_temple_overflow_champion_of_chaos,
          gup_sewer_entry_bowl, enter_ossuary_3

Action                   |  1- 3 |  4- 6 || total
-------------------------+-------+-------++-------
Melee: Flail             |   100 |   116 ||   216
  Use: Scroll            |       |     6 ||     6
  Eat: Chunk             |     2 |     2 ||     4
